UAA
WESTWOOD SIXSHOOTERS @ SANTA BARBARA STREAK
09/25/2019
 
TOP OF THE 1ST
Westwood Sixshooters batting - Pitching for Santa Barbara Streak : RHP Jim Unknown
Pitching: RHP Jim Unknown
Batting: SHB Bob Rogers 0-0: Ball
1-0: Called Strike
1-1: Ball
2-1: Foul Ball, location: 2F
2-2: Fly out, F8 (Flyball, 8LS)
Batting: RHB Barnett Armstrong 0-0: Ball
1-0: Foul Ball, location: 2F
1-1: Ball
2-1: Swinging Strike
2-2: Fly out, F7 (Flyball, 78M)
Batting: LHB Juan Ríos 0-0: Ball
1-0: Ball
2-0: Ground out 6-3 (Groundball, 6M)
Top of the 1st over - 0 run(s), 0 hit(s), 0 error(s), 0 left on base; Westwood 0 - Santa Barbara 0
BOTTOM OF THE 1ST
Santa Barbara Streak batting - Pitching for Westwood Sixshooters : LHP Alfonso Zapata
Pitching: LHP Alfonso Zapata
Batting: RHB Rick Johnson 0-0: Ball
1-0: Ball
2-0: Foul Ball, location: 2F
2-1: Fly out, F8 (Flyball, 8RD)
Batting: RHB Gil Lowe 0-0: Called Strike
0-1: Foul Ball, location: 2F
0-2: Ground out 6-3 (Groundball, 6)
Batting: LHB Jesús Vargas 0-0: Ball
1-0: Foul Ball, location: 2F
1-1: Ball
2-1: Reached on error, E4 (Groundball, 4M)
Batting: SHB Robbie Anderson 0-0: Called Strike
0-1: Foul Ball, location: 2F
0-2: Strikes out swinging
Bottom of the 1st over - 0 run(s), 0 hit(s), 1 error(s), 1 left on base; Westwood 0 - Santa Barbara 0
TOP OF THE 2ND
Westwood Sixshooters batting - Pitching for Santa Barbara Streak : RHP Jim Unknown
Batting: RHB Ángel Bruno 0-0: Called Strike
0-1: Ball
1-1: Swinging Strike
1-2: Ball
2-2: Strikes out looking
Batting: SHB Tim Moss 0-0: Ball
1-0: Called Strike
1-1: Called Strike
1-2: Ground out U3 (Groundball, 3S)
Batting: RHB Brandon Cooper 0-0: Ball
1-0: Called Strike
1-1: Ball
2-1: Foul Ball, location: 2F
2-2: Strikes out swinging
Top of the 2nd over - 0 run(s), 0 hit(s), 0 error(s), 0 left on base; Westwood 0 - Santa Barbara 0
BOTTOM OF THE 2ND
Santa Barbara Streak batting - Pitching for Westwood Sixshooters : LHP Alfonso Zapata
Batting: RHB Bob Narváiz 0-0: Foul Ball, location: 2F
0-1: SINGLE (Groundball, 34)
Batting: SHB Terry Conley 0-0: Called Strike
0-1: Called Strike
0-2: Ball
1-2: SINGLE (Line Drive, 6MD)
Bob Narváiz to second
Batting: RHB Alberto Ortíz 0-0: Ball
1-0: Swinging Strike
1-1: Foul Ball, location: 2F
1-2: Ball
Passed Ball!
Bob Narváiz to third
Terry Conley to second
2-2: Foul Ball, location: 2F
2-2: Strikes out swinging
Batting: RHB Carlos Trujillo 0-0: Called Strike
0-1: Foul Ball, location: 2F
0-2: Ball
1-2: Foul Ball, location: 2F
1-2: Fly out, F9 (Flyball, 89M)
Runner from 3rd tags up, SCORES, throw made
Batting: RHB Everett Chambers 0-0: Swinging Strike
0-1: Swinging Strike
0-2: Foul Ball, location: 2F
0-2: Ball
1-2: Ball
2-2: Strikes out swinging
Bottom of the 2nd over - 1 run(s), 2 hit(s), 0 error(s), 1 left on base; Westwood 0 - Santa Barbara 1
TOP OF THE 3RD
Westwood Sixshooters batting - Pitching for Santa Barbara Streak : RHP Jim Unknown
Batting: RHB Martín Méndez 0-0: Ball
1-0: Fly out, F9 (Flyball, 89M)
Batting: RHB Ronnie Cleveland 0-0: Called Strike
0-1: Fly out, F8 (Flyball, 8RM)
Batting: RHB Sergio Martínez 0-0: Ball
1-0: Ball
2-0: Foul Ball, location: 2F
2-1: Ball
3-1: Foul Ball, location: 2F
3-2: Fly out, F8 (Flyball, 8RM)
Top of the 3rd over - 0 run(s), 0 hit(s), 0 error(s), 0 left on base; Westwood 0 - Santa Barbara 1
BOTTOM OF THE 3RD
Santa Barbara Streak batting - Pitching for Westwood Sixshooters : LHP Alfonso Zapata
Batting: RHB Rick Johnson 0-0: Swinging Strike
0-1: Ball
1-1: Ball
2-1: SINGLE (Line Drive, 56)
Batting: RHB Gil Lowe 0-0: Ball
1-0: Called Strike
1-1: Ball
2-1: Foul Ball, location: 2F
2-2: Foul Ball, location: 2F
2-2: Ball
3-2: Foul Ball, location: 2F
3-2: SINGLE (Flyball, 9LS)
Rick Johnson to second
Runner from 2nd tries for 3rd, SAFE, throw made to third
Batting: LHB Jesús Vargas 0-0: Called Strike
0-1: Ball
Gil Lowe is caught stealing 2nd base
1-1: Swinging Strike
1-2: Ball
2-2: Foul Ball, location: 2F
2-2: Ground out 4-3 (Groundball, 4S)
Rick Johnson scores
Batting: SHB Robbie Anderson 0-0: Called Strike
0-1: Ball
1-1: Ball
2-1: SOLO HOME RUN (Flyball, 78XD), Distance : 415 ft
Batting: RHB Bob Narváiz 0-0: Called Strike
0-1: Called Strike
0-2: Ball
1-2: Foul Ball, location: 2F
1-2: SINGLE (Flyball, 89S)
Batting: SHB Terry Conley 0-0: Ball
1-0: Called Strike
1-1: SINGLE (Line Drive, 3)
Bob Narváiz to second
Batting: RHB Alberto Ortíz 0-0: Ball
1-0: Ball
2-0: Fly out, F4 (Popup, 4MS)
Bottom of the 3rd over - 2 run(s), 5 hit(s), 0 error(s), 2 left on base; Westwood 0 - Santa Barbara 3
TOP OF THE 4TH
Westwood Sixshooters batting - Pitching for Santa Barbara Streak : RHP Jim Unknown
Batting: SHB Bob Rogers 0-0: Called Strike
0-1: Foul Ball, location: 2F
0-2: Fly out, F7 (Flyball, 7M)
Batting: RHB Barnett Armstrong 0-0: Called Strike
0-1: Foul Ball, location: 2F
0-2: Ball
1-2: SINGLE (Groundball, 6)
Batting: LHB Juan Ríos 0-0: Ball
1-0: Ball
2-0: Foul Ball, location: 2F
2-1: Called Strike
2-2: Strikes out looking
Batting: RHB Ángel Bruno 0-0: Foul Ball, location: 2F
0-1: Swinging Strike
0-2: Ground out 5-3 (Groundball, 56)
Top of the 4th over - 0 run(s), 1 hit(s), 0 error(s), 1 left on base; Westwood 0 - Santa Barbara 3
BOTTOM OF THE 4TH
Santa Barbara Streak batting - Pitching for Westwood Sixshooters : LHP Alfonso Zapata
Batting: RHB Carlos Trujillo 0-0: Called Strike
0-1: Called Strike
0-2: Ball
1-2: Foul Ball, location: 2F
1-2: Strikes out swinging
Batting: RHB Everett Chambers 0-0: Ball
1-0: DOUBLE (Groundball, 5L)
Batting: RHB Rick Johnson 0-0: Ball
1-0: Reached on error, E5 (Groundball, 56)
Everett Chambers to third
Batting: RHB Gil Lowe 0-0: SINGLE (Line Drive, 4M)
Everett Chambers scores
Rick Johnson to second
Batting: LHB Jesús Vargas 0-0: Called Strike
0-1: Foul Ball, location: 2F
0-2: Ball
1-2: DOUBLE (Flyball, 78XD)
Rick Johnson scores
Gil Lowe to third
Runner from 3rd tries for Home, SAFE, throw made home
Pitching: RHP David Villarreal
Batting: SHB Robbie Anderson 0-0: Ball
1-0: Swinging Strike
1-1: Ball
2-1: Ball
3-1: Base on Balls
Batting: RHB Bob Narváiz 0-0: Ball
1-0: Called Strike
1-1: Foul Ball, location: 2F
1-2: Foul Ball, location: 2F
1-2: Ball
2-2: Foul Ball, location: 2F
2-2: Ball
3-2: Base on Balls
Jesús Vargas to third
Robbie Anderson to second
Batting: SHB Terry Conley 0-0: Foul Ball, location: 2F
0-1: Called Strike
0-2: Ball
1-2: Ball
2-2: SINGLE (Flyball, 7S)
Jesús Vargas scores
Robbie Anderson to third
Bob Narváiz to second
Batting: RHB Alberto Ortíz 0-0: Called Strike
0-1: Ball
1-1: Ball
2-1: Ball
3-1: Swinging Strike
3-2: Foul Ball, location: 2F
3-2: Base on Balls
Robbie Anderson scores
Bob Narváiz to third
Terry Conley to second
Batting: RHB Carlos Trujillo 0-0: SINGLE (Line Drive, 6MD)
Bob Narváiz scores
Terry Conley to third
Alberto Ortíz to second
Runner from 3rd tries for Home, SAFE, no throw or cutoff
Pitching: RHP Felipe Torres
Batting: RHB Everett Chambers 0-0: Ball
1-0: Foul Ball, location: 2F
1-1: SINGLE (Line Drive, 8LM)
Alberto Ortíz to third
Carlos Trujillo to second
Runner from 3rd tries for Home, SAFE, throw made home
Carlos Trujillo to third
Everett Chambers to second
Batting: RHB Rick Johnson 0-0: Ball
1-0: SINGLE (Line Drive, 8LS)
Carlos Trujillo scores
Everett Chambers to third
Runner from 3rd tries for Home, throw and OUT!
Batting: RHB Gil Lowe 0-0: Ball
1-0: Swinging Strike
1-1: Called Strike
1-2: Ground out 6-3 (Groundball, 6)
Bottom of the 4th over - 9 run(s), 7 hit(s), 1 error(s), 1 left on base; Westwood 0 - Santa Barbara 12
TOP OF THE 5TH
Westwood Sixshooters batting - Pitching for Santa Barbara Streak : RHP Jim Unknown
Batting: SHB Tim Moss 0-0: Ball
1-0: Ball
2-0: Called Strike
2-1: Swinging Strike
2-2: Strikes out looking
Batting: RHB Brandon Cooper 0-0: Swinging Strike
0-1: Swinging Strike
0-2: Foul Ball, location: 2F
0-2: Ball
1-2: Ball
2-2: Ball
3-2: Base on Balls
Batting: RHB Martín Méndez 0-0: Called Strike
0-1: Fly out, F8 (Flyball, 8RM)
Batting: RHB Ronnie Cleveland 0-0: Called Strike
0-1: Ball
1-1: Fly out, F6 (Popup, 56D)
Top of the 5th over - 0 run(s), 0 hit(s), 0 error(s), 1 left on base; Westwood 0 - Santa Barbara 12
BOTTOM OF THE 5TH
Santa Barbara Streak batting - Pitching for Westwood Sixshooters : RHP Felipe Torres
Batting: LHB Jesús Vargas 0-0: Ball
1-0: Swinging Strike
1-1: Ball
2-1: Swinging Strike
2-2: Fly out, F8 (Popup, 6MD)
Batting: SHB Robbie Anderson 0-0: Foul Ball, location: 2F
0-1: Swinging Strike
0-2: Fly out, F8 (Flyball, 8LXD)
Batting: RHB Bob Narváiz 0-0: Called Strike
0-1: Ball
1-1: SINGLE (Groundball, 56D)
Batting: SHB Terry Conley 0-0: Ball
1-0: Foul Ball, location: 2F
1-1: Fly out, F7 (Flyball, 7D)
Bottom of the 5th over - 0 run(s), 1 hit(s), 0 error(s), 1 left on base; Westwood 0 - Santa Barbara 12
TOP OF THE 6TH
Westwood Sixshooters batting - Pitching for Santa Barbara Streak : RHP Jim Unknown
Batting: RHB Sergio Martínez 0-0: Ground out 1-3 (Groundball, 34S)
Pinch Hitting: LHB Norberto Valenzuela 0-0: Called Strike
0-1: Ball
1-1: SINGLE (Groundball, 6MD)
Batting: RHB Barnett Armstrong 0-0: Called Strike
Norberto Valenzuela is caught stealing 2nd base
0-1: Called Strike
0-2: Ball
1-2: Strikes out swinging
Top of the 6th over - 0 run(s), 1 hit(s), 0 error(s), 0 left on base; Westwood 0 - Santa Barbara 12
BOTTOM OF THE 6TH
Santa Barbara Streak batting - Pitching for Westwood Sixshooters : RHP Felipe Torres
Now in CF: Norberto Valenzuela
Batting: RHB Alberto Ortíz 0-0: Foul Ball, location: 2F
0-1: Foul Ball, location: 2F
0-2: SINGLE (Groundball, 6MD)
Batting: RHB Carlos Trujillo 0-0: Called Strike
0-1: Ball
1-1: Ball
2-1: Foul Ball, location: 2F
2-2: Grounds into double play, 5-4-3 (Groundball, 5)
Batting: RHB Everett Chambers 0-0: Called Strike
0-1: Ball
1-1: Ball
2-1: Ball
3-1: Called Strike
3-2: Ground out 1-3 (Groundball, 25)
Bottom of the 6th over - 0 run(s), 1 hit(s), 0 error(s), 0 left on base; Westwood 0 - Santa Barbara 12
TOP OF THE 7TH
Westwood Sixshooters batting - Pitching for Santa Barbara Streak : RHP Jim Unknown
Batting: LHB Juan Ríos 0-0: Called Strike
0-1: Swinging Strike
0-2: Strikes out swinging
Batting: RHB Ángel Bruno 0-0: Ball
1-0: Foul Ball, location: 2F
1-1: Fly out, F7 (Line Drive, 78M)
Batting: SHB Tim Moss 0-0: SOLO HOME RUN (Flyball, 9D), Distance : 376 ft
Batting: RHB Brandon Cooper 0-0: Called Strike
0-1: Ball
1-1: SINGLE (Flyball, 9S)
Batting: RHB Martín Méndez 0-0: Ball
1-0: SINGLE (Groundball, 56D)
Brandon Cooper to second
Batting: RHB Ronnie Cleveland 0-0: Called Strike
0-1: Ball
1-1: Fly out, F8 (Flyball, 8RXD)
Top of the 7th over - 1 run(s), 3 hit(s), 0 error(s), 2 left on base; Westwood 1 - Santa Barbara 12
BOTTOM OF THE 7TH
Santa Barbara Streak batting - Pitching for Westwood Sixshooters : RHP Felipe Torres
Pitching: LHP Alberto Sánchez
Batting: RHB Rick Johnson 0-0: Fly out, F7 (Flyball, 78M)
Batting: RHB Gil Lowe 0-0: Ball
1-0: Ball
2-0: DOUBLE (Line Drive, 89M)
Batting: LHB Jesús Vargas 0-0: Called Strike
0-1: Ball
1-1: Swinging Strike
1-2: Ball
2-2: Ball
3-2: Foul Ball, location: 2F
3-2: Foul Ball, location: 2F
3-2: Base on Balls
Batting: SHB Robbie Anderson 0-0: Ball
1-0: Called Strike
1-1: Swinging Strike
1-2: Strikes out looking
Batting: RHB Bob Narváiz 0-0: Ball
1-0: Called Strike
1-1: Ball
Wild Pitch!
Gil Lowe to third
Jesús Vargas to second
2-1: Ball
3-1: Base on Balls
Batting: SHB Terry Conley 0-0: Foul Ball, location: 2F
0-1: Foul Ball, location: 2F
0-2: SINGLE (Groundball, 6MD)
Gil Lowe scores
Jesús Vargas to third
Bob Narváiz to second
Runner from 3rd tries for Home, throw and OUT!
Bottom of the 7th over - 1 run(s), 2 hit(s), 0 error(s), 2 left on base; Westwood 1 - Santa Barbara 13
TOP OF THE 8TH
Westwood Sixshooters batting - Pitching for Santa Barbara Streak : RHP Jim Unknown
Batting: RHB Sergio Martínez 0-0: Reached on error, E5 (Groundball, 56S)
Batting: LHB Norberto Valenzuela 0-0: Ball
1-0: Foul Ball, location: 2F
1-1: Foul Ball, location: 2F
1-2: Strikes out swinging
Pitching: RHP Jim Unknown
Batting: RHB Barnett Armstrong 0-0: Foul Ball, location: 2F
0-1: Ball
1-1: Foul Ball, location: 2F
1-2: Fly out, F8 (Flyball, 8LS)
Batting: LHB Juan Ríos 0-0: Fly out, F1 (Line Drive, 13)
Top of the 8th over - 0 run(s), 0 hit(s), 1 error(s), 1 left on base; Westwood 1 - Santa Barbara 13
BOTTOM OF THE 8TH
Santa Barbara Streak batting - Pitching for Westwood Sixshooters : LHP Alberto Sánchez
Batting: RHB Alberto Ortíz 0-0: Called Strike
0-1: Swinging Strike
0-2: Ball
1-2: Ball
2-2: Ball
3-2: DOUBLE (Line Drive, 9LM)
Batting: RHB Carlos Trujillo 0-0: Swinging Strike
0-1: Swinging Strike
0-2: Foul Ball, location: 2F
0-2: Foul Ball, location: 2F
0-2: Ball
1-2: Strikes out looking
Batting: RHB Everett Chambers 0-0: Ground out 6-3 (Groundball, 6)
Batting: RHB Rick Johnson 0-0: Called Strike
0-1: Ground out 1-3 (Groundball, 13)
Bottom of the 8th over - 0 run(s), 1 hit(s), 0 error(s), 1 left on base; Westwood 1 - Santa Barbara 13
TOP OF THE 9TH
Westwood Sixshooters batting - Pitching for Santa Barbara Streak : RHP Jim Unknown
Batting: RHB Ángel Bruno 0-0: Swinging Strike
0-1: Foul Ball, location: 2F
0-2: Ball
1-2: Ball
2-2: Foul Ball, location: 2F
2-2: Ball
3-2: Foul Ball, location: 2F
3-2: Strikes out swinging
Batting: SHB Tim Moss 0-0: Called Strike
0-1: Ground out 1-3 (Groundball, 13S)
Batting: RHB Brandon Cooper 0-0: Foul Ball, location: 2F
0-1: Swinging Strike
0-2: Foul Ball, location: 2F
0-2: Strikes out looking
Top of the 9th over - 0 run(s), 0 hit(s), 0 error(s), 0 left on base; Westwood 1 - Santa Barbara 13
This league is powered by Out of the Park Baseball, the baseball management simulation game for PC, Mac and Linux
Saturday, July 25th, 2015 - OOTP Baseball 15.6 Build 34